Map: Blackpink LE

Players

Elazer

  • Race: Zerg Zerg
  • Spawn Location: 7:00

Trap - Winner!

  • Race: Protoss Protoss
  • Spawn Location: 1:00

Event: IEM Season 12 - Katowice

VOD

https://www.youtube.com/watch?v=KQCkCAWNpto

Description

Time

  • Played on: March 2, 2018, 4:10 p.m.
  • Length: 13:10

All games in this series

Show
View Real Time Build Order
Export as new Build Order

Elazer Zerg 

Build Orders: Hatch First, Lurkers, Roach Hydra 

Get SALT Encoding   

  12  0:00  Drone  
  13  0:12  Overlord  
  13  0:17  Drone  
  14  0:31  Drone x2  
  16  0:48  Hatchery  
  15  0:51  Drone  
  15  0:54  Drone  
  17  0:58  Drone  
  18  1:08  Extractor  
  17  1:13  Spawning Pool  
  17  1:16  Drone  
  17  1:20  Drone  
  18  1:28  Drone  
  19  1:40  Drone  
  20  1:50  Overlord  
  20  1:59  Queen  
  20  2:00  Queen, Zergling x4  
  26  2:09  Metabolic Boost  
  26  2:11  Drone  
  26  2:12  Drone  
  28  2:22  Drone x2  
  30  2:33  Drone x2  
  32  2:40  Hatchery  
  31  2:45  Queen  
  31  2:50  Overlord  
  33  2:53  Drone  
  33  2:56  Drone  
  35  3:07  Drone  
  35  3:09  Drone x3  
  39  3:14  Overlord  
  39  3:16  Drone  
  40  3:21  Drone, Queen  
  40  3:23  Drone  
  40  3:25  Overlord  
  44  3:31  Overlord  
  44  3:38  Drone  
  44  3:40  Drone  
  46  3:44  Drone x3  
  49  3:48  Drone  
  49  3:52  Spore Crawler  
  49  3:53  Drone  
  49  3:54  Spore Crawler  
  49  3:55  Drone  
  50  3:57  Queen  
  50  4:00  Drone x2  
  54  4:04  Drone  
  54  4:06  Lair  
  54  4:11  Zergling x10  
  59  4:17  Roach Warren  
  59  4:18  Extractor  
  59  4:19  Extractor  
  59  4:20  Spore Crawler  
  59  4:22  Drone  
  56  4:25  Drone, Overlord  
  56  4:29  Drone  
  56  4:30  Drone x2  
  57  4:31  Drone  
  57  4:34  Drone  
  57  4:36  Drone  
  57  4:37  Drone  
  59  4:40  Drone  
  59  4:41  Drone  
  61  4:46  Drone x2  
  61  4:48  Overlord  
  61  4:52  Drone  
  64  4:56  Drone  
  64  4:59  Drone  
  66  5:01  Overlord  
  66  5:03  Glial Reconstitution  
  66  5:05  Drone  
  67  5:09  Drone  
  67  5:11  Roach x2, Evolution Chamber  
  67  5:13  Roach  
  73  5:17  Roach  
  73  5:18  Roach x2  
  78  5:25  Roach x2  
  78  5:27  Roach  
  78  5:28  Roach  
  86  5:34  Overlord  
  87  5:35  Drone x2  
  87  5:36  Zerg Missile Weapons Level 1  
  87  5:39  Drone  
  87  5:40  Drone  
  90  5:45  Overlord  
  90  5:48  Hydralisk Den  
  88  5:53  Roach x3  
  94  5:57  Drone x3, Overlord  
  94  6:03  Drone  
  94  6:04  Drone x3, Extractor  
  99  6:05  Drone, Extractor  
  99  6:07  Drone x2  
  102  6:14  Drone x3  
  105  6:23  Drone  
  107  6:25  Drone x3  
  107  6:26  Extractor  
  107  6:28  Muscular Augments  
  107  6:30  Lurker Den, Hatchery  
  107  6:32  Overlord  
  106  6:37  Hydralisk x3  
  106  6:39  Overseer  
  112  6:44  Hydralisk  
  112  6:55  Overlord x2  
  112  6:57  Hydralisk x2  
  112  6:58  Hydralisk x2  
  120  7:06  Overlord  
  120  7:07  Overlord  
  120  7:13  Hydralisk x5  
  130  7:17  Overlord  
  130  7:22  Overlord  
  130  7:23  Drone x4  
  130  7:27  Overlord  
  133  7:32  Zerg Missile Weapons Level 2, Overlord  
  133  7:37  Overlord  
  133  7:38  Hydralisk x3  
  133  7:39  Grooved Spines  
  139  7:44  Hydralisk  
  139  7:45  Hydralisk  
  139  7:51  Overlord  
  143  8:00  Overlord  
  143  8:01  Hydralisk x3  
  143  8:03  Extractor  
  147  8:08  Drone x3  
  147  8:09  Extractor  
  147  8:10  Drone x3  
  147  8:11  Drone x3  
  147  8:12  Lurker x3  
  158  8:16  Zergling x10  
  163  8:28  Lurker x3  
  163  8:32  Zergling x10, Hatchery  
  170  8:35  Overlord  
  170  8:40  Pneumatized Carapace  
  170  8:44  Hydralisk  
  170  8:45  Hydralisk x3  
  178  8:54  Overlord  
  178  9:03  Lurker x4  
  178  9:05  Zergling x24  
  194  9:11  Infestation Pit  
  194  9:12  Hydralisk x2  
  197  9:17  Hydralisk  
  197  9:22  Overseer  
  192  9:40  Hydralisk x5  
  183  9:55  Hydralisk x8  
  174  10:01  Hydralisk x6  
  174  10:05  Hydralisk  
  174  10:06  Hydralisk  
  174  10:07  Zergling x16  
  163  10:13  Hydralisk x3  
  160  10:17  Hydralisk  
  160  10:18  Hydralisk  
  156  10:22  Hydralisk x2  
  156  10:25  Hydralisk  
  160  10:34  Hydralisk x2  
  160  10:35  Hydralisk x3  
  167  10:36  Zergling x4  
  163  10:44  Hydralisk  
  163  10:45  Hydralisk x3  
  165  10:57  Hydralisk  
  165  10:58  Hydralisk x4  
  167  11:06  Hydralisk  
  167  11:07  Hydralisk  
  167  11:08  Hydralisk x3, Zergling x2  
  167  11:09  Zergling x8  
  168  11:13  Zergling x2, Lurker  
  168  11:14  Zergling x6  
  168  11:17  Lurker  
  139  11:34  Hydralisk x5  
  135  11:40  Hydralisk x3  
  135  11:45  Hydralisk x6  
  135  11:46  Zergling x4  
  146  11:52  Hydralisk x3  
  135  12:01  Hydralisk x4  
  129  12:04  Hydralisk  
  139  12:09  Hydralisk  
  139  12:10  Hydralisk  
  139  12:14  Zergling x6  
  139  12:15  Lurker  
  145  12:33  Hydralisk x8  
  137  12:42  Hydralisk  
  137  12:43  Hydralisk x3  
  117  12:44  Hydralisk  
  117  12:45  Zergling x2  
Show
View Real Time Build Order
Export as new Build Order

Trap Protoss - Winner!

Build Orders: 1 Gate Expand, Oracle Opening, Phoenix Opening, Chargelot Immortal 

Get SALT Encoding   

  12  0:00  Probe  
  13  0:12  Probe  
  14  0:17  Pylon  
  14  0:25  Probe (Chrono Boost)  
  15  0:37  Probe (Chrono Boost)  
  16  0:45  Probe (Chrono Boost), Gateway  
  17  0:51  Probe  
  17  0:56  Assimilator  
  18  1:03  Probe  
  19  1:15  Probe  
  20  1:27  Nexus  
  20  1:36  Cybernetics Core  
  20  1:39  Probe  
  21  1:46  Assimilator  
  21  1:51  Probe  
  22  1:54  Pylon  
  22  2:03  Probe  
  23  2:11  Adept (Chrono Boost)  
  25  2:16  Probe  
  25  2:18  Stargate  
  26  2:28  Probe (Chrono Boost), Warp Gate  
  27  2:33  Adept  
  29  2:39  Probe (Chrono Boost)  
  29  2:40  Probe (Chrono Boost)  
  31  2:49  Probe x2 (Chrono Boost)  
  33  2:54  Probe x2 (Chrono Boost)  
  35  3:00  Adept  
  35  3:03  Phoenix (Chrono Boost)  
  39  3:06  Probe  
  39  3:08  Probe  
  39  3:12  Pylon  
  41  3:18  Probe  
  42  3:20  Probe  
  42  3:21  Oracle (Chrono Boost)  
  46  3:30  Probe  
  46  3:32  Probe  
  48  3:34  Gateway  
  48  3:39  Gateway  
  48  3:44  Probe x2  
  50  3:48  Twilight Council  
  50  3:55  Pylon  
  50  3:57  Probe x2  
  52  4:08  Assimilator  
  52  4:09  Probe x2, Assimilator  
  54  4:12  Pylon  
  54  4:17  Pylon  
  54  4:27  Probe x2  
  56  4:36  Resonating Glaives (Chrono Boost)  
  56  4:37  Nexus  
  52  4:40  Adept  
  52  4:41  Adept x2  
  52  4:44  Pylon  
  58  4:52  Robotics Facility  
  58  4:55  Robotics Facility  
  57  5:05  Adept  
  57  5:06  Adept x2  
  63  5:16  Pylon  
  63  5:21  Pylon  
  63  5:30  Sentry x3  
  63  5:31  Pylon  
  69  5:39  Immortal (Chrono Boost)  
  69  5:40  Pylon  
  69  5:41  Immortal (Chrono Boost)  
  77  5:51  Gateway  
  77  5:53  Gateway  
  77  5:57  Gateway  
  77  6:04  Shield Battery  
  77  6:08  Immortal (Chrono Boost)  
  86  6:18  Probe x2 (Chrono Boost)  
  86  6:21  Immortal (Chrono Boost)  
  88  6:26  Probe (Chrono Boost)  
  88  6:30  Probe x2 (Chrono Boost)  
  88  6:32  Shield Battery  
  90  6:35  Probe x3 (Chrono Boost)  
  90  6:39  Forge  
  93  6:41  Shield Battery  
  93  6:45  Probe  
  94  6:48  Immortal  
  94  6:53  Probe x2  
  101  6:54  Observer  
  101  6:57  Probe  
  102  7:01  Charge  
  102  7:05  Assimilator  
  102  7:07  Pylon, Assimilator, Protoss Ground Weapons Level 1 (Chrono Boost)  
  102  7:08  Probe x2  
  104  7:09  Probe  
  105  7:15  Templar Archives  
  105  7:20  Zealot x2  
  109  7:29  Immortal x2 (Chrono Boost)  
  117  7:48  Probe x3  
  117  7:51  Pylon  
  120  7:52  Pylon  
  120  7:54  Photon Cannon  
  120  7:55  Gateway  
  120  7:56  Photon Cannon  
  120  7:57  Sentry, Gateway  
  122  7:59  Zealot  
  124  8:06  Immortal (Chrono Boost)  
  132  8:13  Immortal (Chrono Boost)  
  132  8:16  Probe x2  
  132  8:17  Probe  
  135  8:21  Psionic Storm  
  135  8:22  Pylon x2  
  135  8:26  Photon Cannon  
  135  8:34  High Templar x3  
  139  8:35  High Templar  
  139  8:39  Zealot x2  
  147  8:52  Immortal x2  
  147  8:53  Protoss Ground Weapons Level 2 (Chrono Boost)  
  155  9:00  Pylon  
  155  9:02  Pylon  
  155  9:03  Pylon  
  154  9:18  Zealot x3, High Templar x2  
  154  9:19  Zealot x2  
  154  9:21  Pylon  
  154  9:22  Pylon  
  154  9:24  Zealot  
  170  9:25  Archon  
  168  9:31  Observer (Chrono Boost)  
  169  9:42  Immortal (Chrono Boost)  
  171  9:48  Zealot x5  
  171  9:50  Immortal (Chrono Boost)  
  185  9:53  Zealot x2  
  157  10:14  Zealot, High Templar x4  
  153  10:15  Zealot x2  
  165  10:23  Pylon, Nexus  
  165  10:26  Phoenix (Chrono Boost)  
  165  10:42  Phoenix, Photon Cannon  
  159  10:45  Zealot  
  159  10:47  Zealot x4  
  153  11:01  Zealot x3  
  153  11:03  Warp Prism (Chrono Boost)  
  145  11:04  Immortal (Chrono Boost)  
  145  11:18  Zealot x4  
  147  11:19  Zealot x4  
  141  11:32  Immortal (Chrono Boost)  
  141  11:39  Archon  
  124  11:50  Zealot x6  
  124  11:51  Zealot x2  
  129  11:58  Pylon  
  129  12:06  Observer (Chrono Boost)  
  130  12:11  High Templar x5  
  130  12:12  High Templar x3  
  146  12:16  Archon x2  
  146  12:17  Archon  
  146  12:18  Archon  
  146  12:20  Photon Cannon  
  146  12:22  Photon Cannon, Assimilator  
  144  12:25  Assimilator  
  120  12:44  Zealot x5  
  126  13:04  Zealot x4  
  126  13:05  Zealot x4  

Tags
 
Add a new tag
Caveats
  • Supply blocks, unpowered buildings, or Contaminate may cause inaccurate times.
  • Supply counts are checked every 10 seconds.